 Dungeon Crawl Stone Soup version 0.18-a0-427-g629388f (webtiles) character file.

8339 Aethei the Cleaver (level 11, -3/78 HPs)
             Began as a Formicid Fighter on Nov 30, 2015.
             Was a Priest of Nemelex Xobeh.
             Slain by a spiny frog (18 damage)
             ... on level 10 of the Dungeon.
             The game lasted 00:30:06 (11104 turns).

Aethei the Cleaver (Formicid Fighter)              Turns: 11104, Time: 00:30:06

Health: -3/78      AC: 14    Str: 31    XL:     11   Next: 54%
Magic:  16/16      EV:  7    Int:  9    God:    Nemelex Xobeh [***...]
Gold:   589        SH: 13    Dex: 13    Spells: 0 memorised, 10 levels left

rFire  . . .     SeeInvis +     r - +6 hand axe (elec)
rCold  . . .     Clarity  .     y - +0 plate armour
rNeg   . . .     SustAt   .     c - +0 shield
rPois  .         Gourm    .     (helmet unavailable)
rElec  .         Spirit   .     t - +0 cloak
rCorr  .         Dsmss    .     l - +0 pair of gloves
rMut   .         Stasis   +     (no boots)
MR     +....                    (no amulet)
Stlth  ..........               B - +6 ring of strength
                                K - ring of stealth

@: mighty, somewhat resistant to hostile enchantments, extremely unstealthy
A: permanent stasis, dig shafts and tunnels, four strong arms, antennae 3
a: Dig, Shaft Self, Triple Draw, Renounce Religion


You were on level 10 of the Dungeon.
You worshipped Nemelex Xobeh.
Nemelex Xobeh was most pleased with you.
You were very hungry.

You visited 2 branches of the dungeon, and saw 11 of its levels.

You collected 857 gold pieces.
You spent 268 gold pieces at shops.

Inventory:

Hand Weapons
 a - a +0 war axe
 r - a +6 hand axe of electrocution (weapon)
 L - a +3 hand axe of flaming
Armour
 c - a +0 shield (worn)
 l - a +0 pair of gloves (worn)
 t - a +0 cloak (worn)
 y - a +0 plate armour (worn)
Jewellery
 n - an uncursed ring of protection from cold
 u - an uncursed ring of protection from cold
 B - a +6 ring of strength (right hand)
 K - a ring of stealth (left hand)
 Q - an uncursed ring of magical power
Wands
 i - a wand of disintegration (1)
 I - a wand of slowing (18)
 M - a wand of cold (5)
 P - a wand of digging (12)
 S - a wand of frost (23)
Scrolls
 b - 5 scrolls of remove curse
 o - 2 scrolls of amnesia
 A - 2 scrolls of recharging {unknown}
 C - 2 scrolls of enchant armour {unknown}
 F - a scroll of noise {unknown}
 G - a scroll of blinking {unknown}
 H - a scroll of fog {unknown}
 U - a scroll of identify
 V - a scroll of acquirement {unknown}
Potions
 d - a potion of might
 f - 3 potions of brilliance
 h - 2 potions of magic {unknown}
 j - a potion of lignification {unknown}
 m - 3 potions of cancellation
 q - 2 potions of flight {unknown}
 s - 2 potions of cure mutation {unknown}
 w - a potion of invisibility {unknown}
 x - a potion of beneficial mutation {unknown}
 D - a potion of mutation {unknown}
 E - a potion of haste {unknown}
 N - 2 potions of poison {unknown}
Books
 J - a book of Power

   Spells                             Type                      Level
   a - Fulminant Prism                Conjuration/Hexes            4
   b - Iskenderun's Mystic Blast      Conjuration                  4
   c - Venom Bolt                     Conjuration/Poison           5
   d - Bolt of Magma                  Conjuration/Fire/Earth       5
   e - Iron Shot                      Conjuration/Earth            6
   f - Orb of Destruction             Conjuration                  7
   g - Spellforged Servitor           Conjuration/Summoning        7
Miscellaneous
 p - a plain deck of escape
 v - an ornate deck of escape
 z - a legendary deck of war
 O - a legendary deck of war
 T - a legendary deck of destruction
 W - a plain deck of war {drawn: 2}
Comestibles
 e - 13 bread rations
 g - 4 beef jerkies
 k - 9 meat rations
 R - a royal jelly


   Skills:
 + Level 4.8 Fighting
 * Level 12.8 Axes
 + Level 4.6 Armour
 - Level 9.7 Shields
 + Level 7.6 Evocations


You had 10 spell levels left.
You didn't know any spells.

Dungeon Overview and Level Annotations

Branches:
Dungeon (10/15)            Temple (0/1) D:7            Lair (1/8) D:10
    Orc (0/4) D:9

Altars:
Elyvilon
Fedhas
Nemelex Xobeh
Qazlal
Ru
Vehumet
Xom
Zin
Beogh

Shops:
D:4 :   D:9 *


Innate Abilities, Weirdness & Mutations

You are under a permanent stasis effect.
You can dig through walls and to a lower floor.
Your four strong arms can wield two-handed weapons with a shield.
You have a pair of large antennae on your head (SInv).


Message History

The spiny frog is moderately wounded.
You hit the plant but do no damage.
The plant is heavily damaged.
You hit the plant but do no damage.
There is a sudden explosion of sparks!
The plant is almost destroyed.
You slash the plant!
The plant is heavily damaged.
The spiny frog stings you!
* * * LOW HITPOINT WARNING * * *
You barely miss the spiny frog.
The spiny frog is moderately wounded.
You hit the plant.
There is a sudden explosion of sparks!
The plant is severely damaged.
You hit the plant but do no damage.
The plant is almost destroyed.
You slash the plant!
The plant is severely damaged.
The spiny frog stings you!!
You die...
Your body disappears without a glow.

............# #..# #.##..# #.
....)..####.####..# #.....###.
.......# #.......# #.........
.......####..####.######.....###.
.......#...#######...........# #.
.......#..#.......#..........# #.
.......#....#...#[....#......# #.
...........##P.P##...##......# #.
.........#....PF@..#.##......# #.
.......#.#..PP>PP..#.##......# #.
.........#..P.PP...#.##.<....# #.
...........##...##....#......###.
.......#....#...#................
.......#..#.......#..##...##.####
.......#...#######...##...##.# #
.......###.........####...##.# #
.......# #.........# #...##.# #


You could see a spiny frog.

Vanquished Creatures
  The ghost of yottam the Martial Artist, a novice HuWn of Makhleb (D:8)
  A hill giant (D:10)
  A cyclops (D:10)
  A spiny frog (D:10)
  The ghost of Aethei the Chopper, a novice FoFi of Yredelemnul (D:6)
  3 trolls (D:10)
  Grinder (D:5)
  Prince Ribbit (D:9)
  A spriggan (D:7)
  Sigmund (D:5)
  3 wolves (D:9)
  A water moccasin (Lair:1)
  3 sky beasts
  4 orc warriors
  3 porcupines
  An eye of draining (D:10)
  An ice beast (D:9)
  A wasp (D:9)
  An ogre (D:5)
  A phantom (D:10)
  3 centaurs
  A crocodile (D:8)
  A big kobold (D:7)
  3 giant frogs
  A gnoll sergeant (D:10)
  A water moccasin zombie (D:9)
  9 killer bees
  A giant frog zombie (D:9)
  A centaur zombie (D:9)
  2 jellies (D:9)
  Ijyb (D:3)
  4 crimson imps
  An iguana (D:7)
  9 worker ants
  A centaur skeleton (D:4)
  7 hounds
  6 orc priests
  4 orc wizards
  A killer bee zombie (D:5)
  A hound zombie (D:8)
  8 adders
  A worker ant zombie (D:7)
  4 gnolls
  3 shadow imps
  An adder skeleton (D:5)
  2 adder zombies
  4 worms
  9 giant geckos
  37 orcs
  5 giant cockroaches
  4 hobgoblins
  18 jackals
  7 kobolds
  5 quokkas
  2 ball pythons
  9 bats
  A giant gecko skeleton (D:6)
  4 giant newts
  6 goblins
  13 rats
  2 plants (D:10)
234 creatures vanquished.

Vanquished Creatures (collateral kills)
  A hill giant (D:10)
  A two-headed ogre (D:9)
  Grum (D:9)
  3 orc warriors (D:9)
  2 orc priests (D:9)
  3 gnolls (D:10)
  10 orcs
21 creatures vanquished.

Vanquished Creatures (others)
  A plant (D:10)
1 creature vanquished.

Grand Total: 256 creatures vanquished

Notes
Turn   | Place    | Note
--------------------------------------------------------------
     0 | D:1      | Aethei the Formicid Fighter began the quest for the Orb.
     0 | D:1      | Reached XP level 1. HP: 18/18 MP: 1/1
   224 | D:1      | Reached XP level 2. HP: 24/24 MP: 2/2
   446 | D:1      | Found a shimmering altar of Xom.
   460 | D:1      | Reached XP level 3. HP: 24/29 MP: 3/3
  1109 | D:2      | Found a white marble altar of Elyvilon.
  1415 | D:2      | Reached skill level 4 in Axes
  1415 | D:2      | Reached XP level 4. HP: 35/35 MP: 4/4
  1435 | D:2      | Found a glowing silver altar of Zin.
  1930 | D:3      | Noticed Ijyb
  1942 | D:3      | Killed Ijyb
  1942 | D:3      | Reached XP level 5. HP: 41/41 MP: 5/5
  2009 | D:3      | Reached skill level 5 in Axes
  2442 | D:4      | Found a sparkling altar of Nemelex Xobeh.
  2446 | D:4      | Became a worshipper of Nemelex Xobeh the Trickster
  2477 | D:4      | Found a stormy altar of Qazlal.
  2477 | D:4      | Received a gift from Nemelex Xobeh
  2480 | D:4      | Found a blossoming altar of Fedhas.
  2520 | D:4      | Found a sacrificial altar of Ru.
  2588 | D:4      | Found a radiant altar of Vehumet.
  2602 | D:4      | Reached XP level 6. HP: 40/47 MP: 6/6
  2688 | D:4      | Reached skill level 6 in Axes
  2926 | D:4      | Found Rolit's Book Boutique.
  2989 | D:5      | Entered Level 5 of the Dungeon
  3065 | D:5      | Received a gift from Nemelex Xobeh
  3152 | D:5      | Noticed Sigmund
  3166 | D:5      | Killed Sigmund
  3166 | D:5      | Reached skill level 7 in Axes
  3166 | D:5      | Reached XP level 7. HP: 29/52 MP: 7/7
  3348 | D:5      | Reached * piety under Nemelex Xobeh
  3639 | D:5      | Reached skill level 5 in Shields
  3666 | D:5      | Reached skill level 8 in Axes
  3666 | D:5      | Reached XP level 8. HP: 34/58 MP: 8/8
  4468 | D:5      | Noticed Grinder
  4477 | D:5      | Killed Grinder
  4593 | D:5      | Reached skill level 9 in Axes
  4900 | D:6      | Noticed Aethei's ghost (novice FoFi)
  4916 | D:6      | Killed Aethei's ghost
  4916 | D:6      | Reached skill level 1 in Evocations
  4916 | D:6      | Reached XP level 9. HP: 43/64 MP: 8/10
  6054 | D:6      | Reached skill level 10 in Axes
  6069 | D:7      | Received a gift from Nemelex Xobeh
  6071 | D:7      | Reached ** piety under Nemelex Xobeh
  6404 | D:7      | Found a staircase to the Ecumenical Temple.
  6890 | D:8      | Received a gift from Nemelex Xobeh
  7033 | D:8      | Noticed yottam's ghost (novice HuWn)
  7045 | D:8      | Killed yottam's ghost
  7045 | D:8      | Reached skill level 5 in Evocations
  7045 | D:8      | Reached XP level 10. HP: 40/70 MP: 13/13
  7574 | D:8      | Reached skill level 11 in Axes
  7867 | D:9      | Noticed Prince Ribbit
  7875 | D:9      | Killed Prince Ribbit
  8042 | D:9      | Noticed Grum
  8044 | D:9      | Noticed a purple ugly thing
  8057 | D:9      | Killed Grum
  8160 | D:9      | Received a gift from Nemelex Xobeh
  8296 | D:9      | Reached *** piety under Nemelex Xobeh
  8405 | D:9      | Found a roughly hewn altar of Beogh.
  8405 | D:9      | Found a staircase to the Orcish Mines.
  8610 | D:9      | Found a stormy altar of Qazlal.
  8680 | D:9      | Reached skill level 12 in Axes
  9085 | D:9      | Found Belouje's General Store.
  9088 | D:9      | Bought a +3 hand axe of flaming for 268 gold pieces
  9147 | D:10     | Entered Level 10 of the Dungeon
  9147 | D:10     | Noticed a hill giant
  9153 | D:10     | Killed a hill giant
  9153 | D:10     | Reached XP level 11. HP: 37/75 MP: 14/16
  9566 | D:10     | Found a staircase to the Lair.
  9579 | D:10     | Received a gift from Nemelex Xobeh
  9881 | D:10     | Noticed a hill giant
  9889 | D:10     | Killed a hill giant
 10421 | D:10     | Received a gift from Nemelex Xobeh
 10944 | D:10     | Noticed a cyclops
 10953 | D:10     | Killed a cyclops
 11085 | Lair:1   | Entered Level 1 of the Lair of Beasts
 11104 | D:10     | Slain by a spiny frog

Vault maps used:
D:1:      saegor_arrival_under_anarchy, xom_teletrap_fun
D:2:      lemuel_doored_altar, zin_academy
D:3:      uniq_iyjb
D:4:      grunt_temple_overflow_forces_of_nature, hangedman_ru_absence,
          vehumet_crystals, serial_shops, kennysheep_little_box,
          nemelex_lonely_heart_becter
D:5:      first_bread, uniq_grinder, uniq_sigmund
D:6:      kennysheep_path_1, lightli_orcish_oven
D:7:      minmay_temple_entry_fiery, the_bakery
D:9:      david_orc_5, serial_shops, nicolae_shop_behind_doors,
          mrwooster_statue_mirror, grunt_qazlal_clouds, uniq_prince_ribbit1,
          uniq_grum
D:10:     dpeg_oklobed_lair
Lair:1:   st_stairs_7, beast_lair_carwin_10, serial_bayou_shore_b,
          serial_bayou_shore_b

Action                   |  1- 3 |  4- 6 |  7- 9 | 10-12 || total
-------------------------+-------+-------+-------+-------++-------
Melee: War axe           |   125 |    85 |       |       ||   210
       Hand axe          |       |    61 |   268 |   248 ||   577
Evoke: Deck              |       |       |       |    14 ||    14
  Use: Scroll            |     3 |     3 |     6 |       ||    12
       Potion            |       |     2 |     3 |     2 ||     7
 Stab: Petrifying        |       |       |       |     1 ||     1
  Eat: Chunk             |     2 |     6 |    12 |    10 ||    30
       Pizza             |       |       |       |     1 ||     1
